 Dungeon Crawl Stone Soup version 0.30-a0-1002-ga41ad49a19 (webtiles) character file.

Game seed: 13122606758723625081

12567 FlurksSlurper the Protected (level 11, -4/84 HPs)
             Began as a Demonspawn Gladiator on Apr 5, 2023.
             Was an Initiate of Gozag.
             Slain by an elephant (14 damage)
             ... on level 2 of the Lair of Beasts.
             The game lasted 00:18:50 (10528 turns).

FlurksSlurper the Protected (Demonspawn Gladiator) Turns: 10528, Time: 00:18:50

Health: -4/84      AC: 19    Str: 22    XL:     11   Next: 64%
Magic:  23/23      EV:  9    Int:  8    God:    Gozag
Gold:   1270       SH:  0    Dex: 20    Spells: 14/14 levels left

rFire   . . .      SeeInvis +    A - +5 hand axe "Vuseffa" {venom, Str+2 Dex+5}
rCold   + . .      Faith    .    (no shield)
rNeg    . . .      Spirit   .    l - +0 plate armour
rPois   .          Reflect  .    (helmet restricted)
rElec   +          Rampage  .    (no cloak)
rCorr   +                        F - +1 pair of gloves
Will    .....                    (no boots) Stlth
                                 (no amulet)
HPRegen 0.34/turn                i - ring of magical power
MPRegen 0.36/turn                w - ring of the Secret Gods {rElec rC+ rCorr Int-2 SInv}

@: no status effects
A: antennae 1, molten scales 2, spiny 2, magic regeneration, strong 1
a: Renounce Religion, Potion Petition, Call Merchant, Bribe Branch


You were on level 2 of the Lair of Beasts.
You worshipped Gozag.
Gozag was most pleased with you.
You visited 3 branches of the dungeon, and saw 12 of its levels.

You collected 1417 gold pieces.
You spent 55 gold pieces at shops.
You paid 92 gold pieces to Gozag.

Inventory:

Hand Weapons
 p - a +5 great sword
 q - a +0 whip of freezing
 u - a +0 broad axe
 A - the +5 hand axe "Vuseffa" (weapon) {venom, Str+2 Dex+5}
   (You found it on level 4 of the Dungeon)

   Str:       It affects your strength (+2).
   Dex:       It affects your dexterity (+5).
 D - a +0 war axe of venom
Missiles
 c - 3 throwing nets (quivered)
 d - a javelin
 f - 5 boomerangs
 k - 13 poisoned darts
Armour
 g - a +0 pair of gloves
 l - a +0 plate armour (worn)
 s - the +0 chain mail of the Dice {rN+ rCorr Str+2}
   (You found it on level 3 of the Dungeon)

   Str:       It affects your strength (+2).
   rN:        It protects you from negative energy.
   rCorr:     It protects you from acid and corrosion.
 C - the +0 scale mail of Jubiw {Str+3}
   (You found it on level 6 of the Dungeon)

   Str:       It affects your strength (+3).
 F - a +1 pair of gloves (worn)
 G - a +2 robe of resistance
 L - the +1 plate armour of Fortitude {Rampage Regen+ Str-3}
   (You found it on level 9 of the Dungeon)

   Str:       It affects your strength (-3).
   Regen:     It increases your rate of health regeneration.
   Rampage:   It bestows one free step when moving towards enemies.
Magical Staves
 v - a staff of air
 K - a staff of cold
Jewellery
 i - a ring of magical power (left hand)
 w - the ring of the Secret Gods (right hand) {rElec rC+ rCorr Int-2 SInv}
   (You found it on level 4 of the Dungeon)

   [ring of see invisible]

   Int:       It affects your intelligence (-2).
   rC:        It protects you from cold.
   rElec:     It insulates you from electricity.
   SInv:      It lets you see invisible.
   rCorr:     It protects you from acid and corrosion.
Wands
 b - a wand of light (6)
 x - a wand of paralysis (3)
 J - a wand of iceblast (4)
 Q - a wand of flame (13)
Scrolls
 a - 3 scrolls of magic mapping
 j - 2 scrolls of fog
 n - 7 scrolls of identify
 o - a scroll of fear
 r - 2 scrolls of poison {unknown}
 t - a scroll of torment {unknown}
 y - a scroll of teleportation
 z - a scroll of immolation
 H - a scroll of vulnerability {unknown}
 I - a scroll of blinking {unknown}
 P - 4 scrolls of amnesia
 R - a scroll of silence
Potions
 e - 4 potions of curing
 h - 2 potions of attraction
 m - a potion of brilliance
 B - a potion of degeneration {unknown}
 E - 2 potions of haste {unknown}
 N - a potion of flight {unknown}
 O - 2 potions of heal wounds


   Skills:
 * Level 7.0 Fighting
 + Level 8.2 Axes
 + Level 5.9 Throwing
 * Level 8.2 Armour
 * Level 4.3 Dodging
 * Level 4.4 Stealth
 + Level 6.4 Unarmed Combat
 + Level 2.0 Spellcasting
 + Level 5.0 Evocations


You had 14 spell levels left.
You didn't know any spells.
Your spell library contained the following spells:

 Spells                   Type           Power      Damage    Failure   Level
 Freeze                   Ice            0%         1d3       99%         1
 Frozen Ramparts          Ice            0%         1d1       100%        3
 Hailstorm                Conj/Ice       0%         3d3       100%        3


Dungeon Overview and Level Annotations

Branches:
Dungeon (9/15)             Temple (1/1) D:6            Lair (2/5) D:9
  Snake (0/4) Lair:2
  Swamp: Lair:2-3    Shoals: Lair:2-3       Orc: D:9-12

Altars:
Ashenzari
Cheibriados
Dithmenos
Fedhas
Gozag
Hepliaklqana
Kikubaaqudgha
Makhleb
Nemelex Xobeh
Okawaru
Qazlal
Ru
Sif Muna
Trog
Uskayaw
Vehumet
Wu Jian
Xom
Yredelemnul

Shops:
D:1 (   D:4 *   D:5 *   D:6 :   D:7 :

Annotations:
D:4 3 runed translucent doors, choppaz's ghost, amateur GnWr
Lair:2 3 runed translucent doors


Innate Abilities, Weirdness & Mutations

You have a pair of small antennae on your head.
You are mostly covered in molten scales. (AC +3)
You are mostly covered in sharp spines.
You regenerate magic rapidly.
Your muscles are strong. (Str +4, Int/Dex -1)


Message History

The elephant is lightly wounded.
The elephant tramples you but does no damage.
The elephant closely misses you.
You slash the elephant!
The elephant is moderately wounded.
The elephant tramples you!
* * * LOW HITPOINT WARNING * * *
You stumble backwards!
The elephant is distracted by your dazzling golden aura.
Throw: dart (curare)
Press: ? - help, Shift-Dir - straight line, f - elephant
Aim: an elephant (moderately wounded, unaware, very poisoned, hasn't noticed you, 91% to hit)
You throw a curare-tipped dart.
The curare-tipped dart hits the elephant.
The elephant looks as sick as possible!
The elephant convulses.
The elephant seems to slow down.
The elephant is no longer distracted by gold.
The elephant is moderately wounded.
Unknown command.
You hit the elephant.
The elephant looks as sick as possible!
The elephant is heavily wounded.
Throw: 14 darts (poison)
Press: ? - help, Shift-Dir - straight line, f/p - elephant
Aim: an elephant (severely wounded, extremely poisoned, slow, 91% to hit)
You throw a poisoned dart.
The poisoned dart barely misses the elephant.
Unknown command.
You hit the elephant but do no damage.
The elephant looks as sick as possible!
The elephant is severely wounded.
You hit the elephant but do no damage.
The elephant looks as sick as possible!
The elephant is almost dead.
The elephant tramples you!
* * * LOW HITPOINT WARNING * * *
You stumble backwards!
You hit the elephant.
The elephant is almost dead.
The elephant is no longer moving slowly.
The elephant tramples you!
You die...
Your body crumbles into a pile of gold.

#(####
#....####
#(........
#.........
#.........
##.#P...#.#
#..####....
#.Y# ....
##@# P..
#...# ..###
.... ##..#
##.. #.. $
... $


You could see an elephant (extremely poisoned).

Vanquished Creatures
  2 two-headed ogres
  Pikel (D:8)
  3 elephants (Lair:2)
  2 black mambas (Lair:1)
  A guardian serpent (Lair:2)
  2 cane toads (Lair:1)
  2 rime drakes (Lair:1)
  A komodo dragon (D:9)
  A hornet (D:9)
  8 blink frogs
  Sigmund (D:4)
  3 yaks (Lair:1)
  3 basilisks (D:9)
  An acid dragon (D:9)
  Edmund (D:5)
  6 water moccasins
  2 ice beasts (D:6)
  3 orc warriors
  3 black bears
  2 sky beasts
  An ogre (D:7)
  9 wolves
  A centaur (D:8)
  3 lemures (D:8)
  2 kobold brigands
  5 bullfrogs
  A gnoll sergeant (D:9)
  A scorpion (D:5)
  4 wights (D:7)
  6 killer bees (D:8)
  A howler monkey (D:7)
  A jelly (D:2)
  A gnoll bouda (D:7)
  3 hounds
  9 orc priests
  2 sleepcaps
  5 iguanas
  5 orc wizards
  15 gnolls
  8 adders
  2 shadow imps
  A white imp (D:5)
  2 worms (D:2)
  A dart slug (D:4)
  30 orcs
  6 ball pythons
  7 endoplasms
  A giant cockroach (D:4)
  20 goblins
  13 hobgoblins
  8 jackals
  13 kobolds
  2 quokkas
  2 bats
  5 frilled lizards
  A rat (D:1)
245 creatures vanquished.

Vanquished Creatures (collateral kills)
  Menkaure (D:5)
1 creature vanquished.

Vanquished Creatures (others)
  4 plants
4 creatures vanquished.

Grand Total: 250 creatures vanquished

Notes
Turn   | Place    | Note
-------+----------+-------------------------------------------
     0 | D:1      | FlurksSlurper the Demonspawn Gladiator began the quest for
                  | the Orb.
     0 | D:1      | Reached XP level 1. HP: 16/16 MP: 1/1
   181 | D:1      | Gained mutation: You are partially covered in sharp spines.
                  | [demonic ancestry]
   181 | D:1      | Reached XP level 2. HP: 17/22 MP: 2/2
   367 | D:1      | Found Feghaf's Weapon Shoppe.
   484 | D:1      | Found a faded altar of an unknown god.
   823 | D:2      | Gained mutation: You are partially covered in molten
                  | scales. (AC +2) [demonic ancestry]
   823 | D:2      | Reached XP level 3. HP: 26/27 MP: 3/3
  1625 | D:2      | Reached skill level 1 in Armour
  1625 | D:2      | Reached XP level 4. HP: 8/34 MP: 4/4
  1775 | D:3      | Identified the +0 chain mail of the Dice {rN+ rCorr Str+2}
  2211 | D:4      | Identified the ring of the Secret Gods {rElec rC+ rCorr
                  | Int-2 SInv}
  2279 | D:4      | Gained mutation: You are mostly covered in sharp spines.
                  | [demonic ancestry]
  2279 | D:4      | Reached XP level 5. HP: 15/39 MP: 5/5
  2520 | D:4      | Noticed a phantom
  2520 | D:4      | Noticed choppaz's ghost (amateur GnWr)
  2523 | D:4      | Found a runed translucent gate.
  2523 | D:4      | Found a runed translucent gate.
  2523 | D:4      | Found a runed translucent gate.
  2629 | D:4      | Found Latwerghe's Mass Market.
  2678 | D:4      | Noticed Sigmund
  2696 | D:4      | Killed Sigmund
  2697 | D:4      | Reached skill level 5 in Unarmed Combat
  2697 | D:4      | Gained mutation: You have a pair of small antennae on your
                  | head. [demonic ancestry]
  2697 | D:4      | Reached XP level 6. HP: 46/46 MP: 6/6
  2820 | D:4      | Found a blossoming altar of Fedhas.
  3039 | D:4      | Identified the +5 hand axe "Vuseffa" {venom, Str+2 Dex+5}
  3507 | D:5      | Entered Level 5 of the Dungeon
  3518 | D:5      | Noticed Edmund
  3563 | D:5      | Killed Edmund
  3564 | D:5      | Gained mutation: You are mostly covered in molten scales.
                  | (AC +3) [demonic ancestry]
  3564 | D:5      | Reached XP level 7. HP: 34/52 MP: 7/7
  3851 | D:5      | Reached skill level 1 in Axes
  3957 | D:5      | Found Vutapak's General Store.
  3969 | D:5      | Bought a scroll of identify for 22 gold pieces
  3969 | D:5      | Bought a potion of curing for 33 gold pieces
  4060 | D:5      | Found an ancient bone altar of Kikubaaqudgha.
  4171 | D:5      | Noticed Menkaure
  4296 | D:5      | Reached skill level 1 in Stealth
  4357 | D:5      | HP: 1/52 [Menkaure (15)]
  4361 | D:5      | Killed Menkaure
  4362 | D:5      | Reached XP level 8. HP: 14/58 MP: 8/8
  5052 | D:6      | Found Taheyn's Book Emporium.
  5074 | D:6      | Reached skill level 1 in Spellcasting
  5315 | D:6      | Found a stormy altar of Qazlal.
  5336 | D:6      | Identified the +0 scale mail of Jubiw {Str+3}
  5536 | D:6      | Reached skill level 5 in Armour
  5731 | D:6      | Found a staircase to the Ecumenical Temple.
  5752 | Temple   | Entered the Ecumenical Temple
  5846 | Temple   | Became a worshipper of Gozag Ym Sagoz the Greedy
  6001 | D:7      | Noticed a two-headed ogre
  6012 | D:7      | Killed a two-headed ogre
  6013 | D:7      | Reached skill level 1 in Evocations
  6013 | D:7      | Reached XP level 9. HP: 47/65 MP: 12/12
  6110 | D:7      | Found a shadowy altar of Dithmenos.
  6336 | D:7      | Reached skill level 5 in Axes
  6802 | D:7      | Found Bicoh's Tremendous Tomes.
  6950 | D:6      | Gained mutation: Your muscles are strong. (Str +4, Int/Dex
                  | -1) [potion of mutation]
  7676 | D:8      | Found an iron altar of Okawaru.
  7847 | D:8      | Gained mutation: You regenerate magic rapidly. [demonic
                  | ancestry]
  7847 | D:8      | Reached XP level 10. HP: 66/73 MP: 13/13
  7901 | D:9      | Noticed Pikel
  7935 | D:8      | Killed Pikel
  7945 | D:9      | Reached skill level 5 in Throwing
  7991 | D:9      | Noticed a two-headed ogre
  8005 | D:9      | Killed a two-headed ogre
  8015 | D:9      | Identified the +1 plate armour of Fortitude {Rampage Regen+
                  | Str-3}
  8025 | D:9      | Found a bloodstained altar of Trog.
  8242 | D:9      | Reached skill level 5 in Fighting
  8530 | D:9      | Found a staircase to the Lair.
  8665 | D:9      | Found a broken altar of Ashenzari.
  8818 | Lair:1   | Entered Level 1 of the Lair of Beasts
  8956 | Lair:1   | Reached skill level 5 in Evocations
  9058 | Lair:1   | Reached XP level 11. HP: 81/81 MP: 14/14
 10223 | Lair:2   | Found a staircase to the Snake Pit.
 10392 | Lair:2   | Found a runed translucent gate.
 10392 | Lair:2   | Found a runed translucent gate.
 10393 | Lair:2   | Found a runed translucent gate.
 10528 | Lair:2   | Slain by an elephant

Illustrated notes

Levels and vault maps discovered:
D:1:      minmay_arrival_open_corners, layout_rooms, serial_shops,
          nicolae_shop_trees, shapermc_ecumenical_altar_notcrosses,
          chequers_serial_rivers_small_b
D:2:      layout_basic
D:3:      layout_rooms, minmay_door_square
D:4:      corexii_shack_village, layout_basic, kennysheep_mini_moat,
          gammafunk_ghost_split, minmay_shop_mass, interstate_on_off,
          uniq_sigmund
D:5:      layout_gridville, gammafunk_temple_overflow_statue, serial_shops,
          nicolae_shop_waterfront, uniq_menkaure, uniq_edmund
D:6:      layout_loops_ring, mainiacjoe_overflow_24_doors, temple_hall,
          serial_shops, nicolae_shop_trees
D:7:      layout_loops_ring, nicolae_dithmenos_through_a_glass_darkly,
          enter_bailey_3, nicolae_shop_i_like_big_books, grunt_ministairs_1
D:8:      layout_loops_ring, okawaru_altar_gauntlet_db, hangedman_decor_growths
D:9:      layout_cross, trog_ov_bears_minmay, lemuel_doored_altar,
          erik_lair_dragon, uniq_pikel
Temple:   zaba_magenta_temple
Lair:1:   wander_river, layout_small_grid, grunt_megastairs_3
Lair:2:   layout_chaotic_city, minmay_snake_entry_spellcaster,
          maelrawn_ghost_gauntlet_escape, beast_lair_carwin_9,
          lemuel_fruit_fields

Skill      XL: |  1  2  3  4  5  6  7  8  9 10 11 |
---------------+----------------------------------+-----
Unarmed Combat | 3 4 5 6 |  6.4
Dodging        | 3 4 |  4.3
Throwing       | 2 3 4 5 |  5.9
Armour         | 1 2 3 4 5 6 7 8 |  8.2
Fighting       | 3 4 5 7 |  7.0
Axes           | 1 4 5 7 8 |  8.2
Stealth        | 1 2 3 4 |  4.4
Spellcasting   | 2 |  2.0
Evocations     | 1 3 5 |  5.0

Action                     |  1- 3 |  4- 6 |  7- 9 | 10-12 || total
---------------------------+-------+-------+-------+-------++-------
  Melee: Unarmed           |    93 |   106 |       |       ||   199
         Punch             |     3 |     2 |    18 |    13 ||    36
         Hand axe          |       |    12 |   202 |   216 ||   430
  Throw: Dart              |       |       |     4 |     6 ||    10
         Boomerang         |       |       |       |     3 ||     3
  Evoke: Wand              |       |       |       |     3 ||     3
    Use: Scroll            |       |     3 |     8 |       ||    11
         Potion            |       |       |    11 |       ||    11
   Stab: Distracted        |       |       |     1 |     3 ||     4
         Invisible         |       |       |     1 |       ||     1
         Paralysed         |       |       |       |     7 ||     7
 Armour: Leather armour    |    15 |       |       |       ||    15
         Plate armour      |    29 |    66 |   132 |   142 ||   369
  Dodge: Dodged            |    33 |    24 |    73 |    68 ||   198

Table legend: (Time is in decaauts)
 A = Elapsed time spent in this place.
 B = Non-inter-level travel time spent in this place.
 C = Inter-level travel time spent in this place.
 D = Time resting spent in this place.
 E = Time spent auto-exploring this place.
 F = Levels seen in this place.
 G = Mean time per level.
                   A        B        C        D        E       F      G
               +--------+--------+--------+--------+--------+-----+--------+
         Total |  10578 |  10311 |    267 |    110 |   8139 |  12 |  881.5 |
       Dungeon |   8736 |   8515 |    221 |    110 |   6653 |   9 |  970.7 |
        Temple |    111 |    111 |      0 |      0 |     50 |   1 |  111.0 |
          Lair |   1730 |   1685 |     45 |      0 |   1435 |   2 |  865.0 |
               +--------+--------+--------+--------+--------+-----+--------+

Top non-repeatable levels by time:
     D:5: 1419 daAuts
     D:4: 1409 daAuts
  Lair:1: 1401 daAuts
     D:7: 1210 daAuts
     D:2: 1091 daAuts
     D:9: 883 daAuts
     D:6: 876 daAuts
     D:8: 735 daAuts
     D:3: 592 daAuts
     D:1: 517 daAuts
  Lair:2: 328 daAuts
  Temple: 111 daAuts
